 Dungeon Crawl Stone Soup version 0.25-a0-41-g6cf4ce537d (webtiles) character file.

Game seed: 991366860735051575, levelgen mode: deterministic

16 Alarkh the Skirmisher (level 2, 24/24 HPs)
             Began as a Demonspawn Fighter on Oct 21, 2019.
             Got out of the dungeon alive.
             The game lasted 00:00:11 (448 turns).

Alarkh the Skirmisher (Demonspawn Fighter)           Turns: 448, Time: 00:00:12

Health: 24/24      AC:  7    Str: 16    XL:     2   Next: 41%
Magic:  2/2        EV:  6    Int:  9    God:
Gold:   30         SH:  8    Dex: 12    Spells: 1/1 levels left

rFire    . . .     SeeInvis .   a - +0 long sword
rCold    . . .     Gourm    .   c - +0 shield
rNeg     . . .     Faith    .   b - +0 scale mail
rPois    .         Spirit   .   (no helmet)
rElec    .         Reflect  .   (no cloak)
rCorr    .         Harm     .   (no gloves)
MR       .....                  (no boots)
Stlth    ..........             (no amulet)
HPRegen  0.08/turn              (no ring)
MPRegen  0.08/turn              (no ring)

@: no status effects
A: rugged brown scales 1
a: no special abilities


You escaped.
You were not hungry.

You visited 1 branch of the dungeon, and saw 1 of its levels.

You collected 30 gold pieces.

Inventory:

Hand Weapons
 a - a +0 long sword (weapon)
Armour
 b - a +0 scale mail (worn)
 c - a +0 shield (worn)
Scrolls
 g - 3 scrolls of remove curse {unknown}
 h - a scroll of immolation {unknown}
 k - a scroll of identify {unknown}
 l - a scroll of magic mapping {unknown}
 m - a scroll of enchant weapon {unknown}
Potions
 d - a potion of might
 e - a potion of heal wounds {unknown}
 i - a potion of curing {unknown}
Comestibles
 f - 2 rations
 j - 8 chunks of flesh


   Skills:
 + Level 3.1 Fighting
 + Level 2.0 Long Blades
 + Level 3.0 Armour
 + Level 2.9 Shields


You had one spell level left.
You didn't know any spells.
Your spell library was empty.

Dungeon Overview and Level Annotations

Branches:
Dungeon (1/15)

Altars:


Innate Abilities, Weirdness & Mutations

You are partially covered in rugged brown scales. (AC +1, +3% HP)


Message History

The bat is severely wounded.
You hit the bat.
You kill the bat!
No target in view!
No target in view!
No target in view!
No target in view!
No target in view!
No target in view!
No target in view!
No target in view!
No target in view!
No target in view!
No target in view!
No target in view!
No target in view!
HP restored.
There is a staircase leading out of the dungeon here.
Are you sure you want to leave the Dungeon?
This will make you lose the game!
You have escaped!

.### #..#...##
#... ...#
#..##....# #...
)#.# #.# ##...#
#... .#.# #..
#...# ##...
...###### #..
##.## #....
........# #...
##.[## #....
##.####.#
#..##....## ##>...
#...###.#
#.........# #.....
........#
##..@..####
###.#.## ....#####
##...## #.......
.#.## #####
#.#.#.##
.#.############.#
#.#.#...
..........##....#
#.#.####
.........#......##
#.#.# #
........###......#
#.#.# # .......##
##.....# #.#.# #
........###......#
#.#.####


There were no monsters in sight!

Vanquished Creatures
  A dart slug (D:1)
  A giant cockroach (D:1)
  4 goblins (D:1)
  4 jackals (D:1)
  A kobold (D:1)
  A bat (D:1)
12 creatures vanquished.

Notes
Turn   | Place    | Note
-------+----------+-------------------------------------------
     0 | D:1      | Alarkh the Demonspawn Fighter began the quest for the Orb.
     0 | D:1      | Reached XP level 1. HP: 18/18 MP: 1/1
   357 | D:1      | Gained mutation: You are partially covered in rugged brown
                  | scales. (AC +1, +3% HP) [demonic ancestry]
   357 | D:1      | Reached XP level 2. HP: 18/24 MP: 2/2
   448 | D:$      | Got out of the dungeon alive.

Levels and vault maps discovered:
D:1:      dpeg_arrival_round_c, layout_loops_ring

Skill      XL: |  1  2 |
---------------+-------+-----
Armour         | 3 |  3.0
Long Blades    | 2 |  2.0
Fighting       | |  3.1
Shields        | |  2.9

Action                   || total
-------------------------++-------
Melee: Long sword        ||    27
Armor: Scale mail        ||    16
Dodge: Dodged            ||     7
Block: Shield            ||    15
       Rpst.: Long sword ||     2

Table legend:
 A = Non-vault XP
 B = Vault XP
 C = Vault XP percentage of total XP
 D = Non-vault monster count
 E = Vault monster count
 F = Vault count percentage of total count
                 A         B        C        D         E       F
            +---------+---------+-------+---------+---------+-------
      Total |      24 |       0 |   0.0 |      12 |       0 |   0.0
            +---------+---------+-------+---------+---------+-------
        D:1 |      24 |       0 |   0.0 |      12 |       0 |   0.0
            +---------+---------+-------+---------+---------+-------
